 Dungeon Crawl Stone Soup version 0.30.1-11-g7821555f0a (webtiles) character file.

Game seed: 5055865147563169191

97 fireball365 the Trooper (level 4, -2/41 HPs)
             Began as a Hill Orc Fighter on Nov 18, 2023.
             Killed from afar by Natasha (4 damage)
             ... with a puff of flame
             ... on level 2 of the Dungeon.
             The game lasted 00:02:18 (1947 turns).

fireball365 the Trooper (Hill Orc Fighter)          Turns: 1947, Time: 00:02:18

Health: -2/41      AC:  9    Str: 20    XL:     4   Next: 68%
Magic:  4/4        EV:  7    Int:  8    God:
Gold:   151        SH:  4    Dex: 10    Spells: 3/3 levels left

rFire   . . .        a - +0 war axe
rCold   . . .        c - +0 buckler
rNeg    . . .        h - +0 chain mail
rPois   .            (no helmet)
rElec   .            (no cloak)
rCorr   .            (no gloves)
SInv    .            (no boots)
Will    .....        (no amulet) Stlth
                     (no ring)
HPRegen 0.26/turn    (no ring)
MPRegen 0.09/turn

%: no passive effects
@: slowed, very slow
A: no striking features
a: no special abilities


You were on level 2 of the Dungeon.
You visited 1 branch of the dungeon, and saw 2 of its levels.

You collected 151 gold pieces.

Inventory:

Hand Weapons
 a - a +0 war axe (weapon)
Armour
 b - a +0 scale mail
 c - a +0 buckler (worn)
 h - a +0 chain mail (worn)
Scrolls
 g - 2 scrolls of teleportation {unknown}
 j - 2 scrolls of identify {unknown}
 k - a scroll of vulnerability {unknown}
 l - a scroll of magic mapping {unknown}
 m - a scroll of fear {unknown}
Potions
 d - 2 potions of might
 e - 2 potions of flight {unknown}
 f - a potion of brilliance {unknown}
 i - 2 potions of heal wounds {unknown}
 n - 2 potions of haste {unknown}


   Skills:
 + Level 4.5 Fighting
 + Level 4.4 Axes
 + Level 3.9 Armour
 + Level 0.2 Dodging
 + Level 3.6 Shields


You had 3 spell levels left.
You didn't know any spells.
Your spell library was empty.

Dungeon Overview and Level Annotations

Branches:
Dungeon (2/15)

Altars:

Annotations:
D:2 Natasha


Message History

Natasha is severely wounded.
The cerulean imp hits you from afar with a +2 spear.
Natasha casts a spell.
You block the cerulean imp's attack. Natasha claws you but does no damage.
You barely miss Natasha.
Natasha is severely wounded.
You hit the cerulean imp. You block the cerulean imp's attack.
Natasha claws you but does no damage. The cerulean imp closely misses you.
The cerulean imp hits you but does no damage.
Natasha extends her claws.
Natasha stares at you and mumbles some strange words.
You feel as though you will be slow longer.
The cerulean imp hits you but does no damage.
You hit Natasha.
Natasha is severely wounded.
You completely miss the cerulean imp. You block the cerulean imp's attack.
Natasha zaps a wand.
The puff of flame misses you.
The puff of flame hits the cerulean imp!
The cerulean imp hits you but does no damage.
The cerulean imp hits you from afar with a +2 spear.
Natasha claws you but does no damage.
You closely miss Natasha.
Natasha is severely wounded.
You slash the cerulean imp!
You kill the cerulean imp!
The cerulean imp disappears in a puff of smoke! x2
You block Natasha's attack.
Natasha zaps a wand.
The puff of flame hits you!
* * * LOW HITPOINT WARNING * * *
You hit Natasha.
Natasha is almost dead.
Natasha casts a spell at you. The magic dart hits you.
* * * LOW HITPOINT WARNING * * *
Natasha claws you but does no damage.
You closely miss Natasha.
Natasha is almost dead.
Natasha zaps a wand.
The puff of flame hits you.
* * * LOW HITPOINT WARNING * * *
Natasha zaps a wand.
The puff of flame hits you.
You die...

....#..# ##...## #.#
##..#### ##'## #.# ###.#
#.# #.# ###.#
##.#########.#
....##########............#
....#.......##...###..#####
#...##.####.#......##.#
###.##.# ##...........##
....##.# #...##♣@♣##...#
....##)# #.♣♣#..h..#♣♣.#
.......# #.♣÷#..8..#÷♣.#
....#### #.♣♣#.....#♣♣.#
###.# #.♣P###'###♣♣.# # #.#
#.♣PP.P....P♣.# # #.#
#.♣♣P...PPP♣♣.# ###.#
#..♣♣P..♣P♣♣..# ##..#
###..♣♣...♣♣..#######


You could see Natasha.

Vanquished Creatures
  Natasha (D:2)
  5 adders (D:2)
  3 endoplasms
  A giant cockroach (D:2)
  4 goblins
  4 hobgoblins
  4 ball pythons
  4 bats
  A frilled lizard (D:2)
  A kobold (D:2)
  4 rats
32 creatures vanquished.

Notes
Turn   | Place    | Note
-------+----------+-------------------------------------------
     0 | D:1      | fireball365 the Hill Orc Fighter began the quest for the
                  | Orb.
     0 | D:1      | Reached XP level 1. HP: 19/19 MP: 1/1
   265 | D:1      | Reached XP level 2. HP: 27/27 MP: 2/2
   935 | D:2      | Reached XP level 3. HP: 33/33 MP: 3/3
  1307 | D:2      | Noticed Natasha
  1315 | D:2      | Reached XP level 4. HP: 34/40 MP: 4/4
  1334 | D:2      | Killed Natasha
  1790 | D:2      | Found a faded altar of an unknown god.
  1933 | D:2      | Noticed Natasha
  1947 | D:2      | HP: 2/41 [Natasha/puff of flame (3)]
  1947 | D:2      | Killed from afar by Natasha

Illustrated notes

Levels and vault maps discovered:
D:1:      lightli_arrival_maybe_door_vault, layout_loops_cross
D:2:      minmay_recursive_quarters, layout_loops_corners,
          dilly_ecumenical_altar_fadedgnrine, uniq_natasha

Skill      XL: |  1  2  3 |
---------------+----------+-----
Axes           | 3 4 |  4.4
Fighting       | 4 |  4.5
Armour         | |  3.9
Dodging        | |  0.2
Shields        | |  3.6

Action                     |  1- 3 |  4- 6 || total
---------------------------+-------+-------++-------
  Melee: War axe           |    68 |    32 ||   100
 Armour: Scale mail        |     3 |       ||     3
         Chain mail        |    72 |    31 ||   103
  Dodge: Dodged            |    41 |    22 ||    63
  Block: Buckler           |    16 |    17 ||    33
